Map: [ESL] Inside and Out

Players

Krystianer

  • Race: Protoss Protoss
  • Spawn Location: 1:00

SpeCial - Winner!

  • Race: Terran Terran
  • Spawn Location: 7:00

Event: DreamHack SC2 Masters 2022 Valencia

VOD

Have the link to the VOD?

Description

Time

  • Played on: July 2, 2022, 3:30 a.m.
  • Length: 7:30

All games in this series

Show
View Real Time Build Order
Export as new Build Order

Krystianer Protoss 

Build Orders: 1 Gate Expand, Oracle Opening 

Get SALT Encoding   

  12  0:00  Probe  
  13  0:12  Probe  
  14  0:17  Pylon  
  14  0:24  Probe (Chrono Boost)  
  15  0:36  Probe (Chrono Boost), Gateway  
  15  0:41  Assimilator  
  16  0:44  Probe (Chrono Boost)  
  17  0:52  Probe  
  18  1:04  Probe  
  19  1:16  Probe  
  20  1:23  Cybernetics Core  
  20  1:31  Nexus  
  20  1:34  Probe  
  21  1:40  Pylon  
  21  1:46  Probe  
  22  1:48  Assimilator  
  22  1:56  Adept (Chrono Boost)  
  22  1:58  Probe  
  25  2:10  Probe  
  25  2:11  Stargate  
  26  2:16  Adept (Chrono Boost)  
  26  2:22  Probe  
  29  2:35  Warp Gate (Chrono Boost), Probe (Chrono Boost)  
  30  2:42  Adept  
  30  2:43  Probe (Chrono Boost)  
  34  2:52  Probe (Chrono Boost)  
  34  2:53  Probe (Chrono Boost)  
  34  2:57  Probe (Chrono Boost)  
  38  2:58  Probe, Oracle (Chrono Boost)  
  40  3:09  Probe  
  40  3:11  Gateway  
  40  3:14  Probe  
  40  3:26  Twilight Council  
  40  3:28  Probe x2  
  40  3:29  Gateway  
  41  3:40  Probe x2  
  43  3:43  Pylon  
  41  3:52  Probe x2  
  40  4:04  Probe x2  
  40  4:08  Nexus  
  40  4:16  Probe (Chrono Boost)  
  40  4:17  Blink (Chrono Boost)  
  40  4:20  Probe (Chrono Boost)  
  40  4:25  Pylon  
  40  4:28  Probe (Chrono Boost)  
  40  4:30  Stalker  
  44  4:32  Probe (Chrono Boost)  
  44  4:34  Probe (Chrono Boost)  
  44  4:35  Stalker  
  47  4:41  Stalker  
  47  4:42  Probe  
  50  4:46  Probe  
  51  4:54  Stalker  
  51  4:59  Stalker  
  52  5:00  Probe  
  52  5:02  Probe  
  53  5:07  Stalker  
  53  5:13  Probe  
  56  5:14  Probe  
  56  5:17  Pylon, Gateway  
  56  5:20  Probe, Shield Battery  
  58  5:25  Stalker  
  58  5:26  Stalker  
  58  5:28  Probe  
  63  5:30  Probe  
  63  5:34  Pylon  
  63  5:37  Stalker  
  63  5:39  Probe  
  63  5:41  Probe  
  65  5:43  Probe  
  65  5:53  Stalker, Probe  
  69  5:58  Stalker  
  69  6:00  Pylon, Probe x2 (Chrono Boost)  
  72  6:06  Stalker  
  72  6:10  Probe (Chrono Boost)  
  77  6:12  Probe (Chrono Boost)  
  77  6:16  Probe (Chrono Boost)  
  77  6:18  Probe (Chrono Boost)  
  73  6:19  Stalker  
  75  6:36  Gateway  
  75  6:38  Gateway x2  
  75  6:41  Zealot x2  
  75  6:42  Gateway, Zealot x2  
  75  6:43  Probe  
  84  6:54  Pylon  
  84  6:59  Probe  
  85  7:03  Gateway, Zealot x4  
  85  7:04  Gateway  
  91  7:26  Zealot x3  
Show
View Real Time Build Order
Export as new Build Order

SpeCial Terran - Winner!

Build Orders:  

Get SALT Encoding   

  12  0:00  SCV  
  13  0:12  SCV  
  14  0:17  Supply Depot  
  14  0:24  SCV  
  15  0:38  SCV  
  15  0:40  Barracks  
  16  0:43  Refinery  
  16  0:50  SCV  
  16  0:52  Refinery  
  17  1:03  SCV  
  18  1:15  SCV  
  19  1:28  Orbital Command, Reaper  
  20  1:37  Supply Depot  
  20  1:41  Factory  
  20  1:53  SCV  
  21  2:00  Reaper  
  22  2:05  SCV  
  23  2:17  Command Center  
  23  2:20  SCV  
  24  2:26  Hellion  
  26  2:32  SCV  
  27  2:37  Barracks Reactor  
  27  2:40  Starport  
  27  2:44  SCV  
  27  2:48  Supply Depot  
  27  2:49  Widow Mine  
  30  2:56  SCV  
  31  3:10  SCV  
  31  3:16  Widow Mine  
  31  3:19  Marine x2  
  35  3:20  Viking  
  35  3:25  SCV  
  37  3:36  Marine x2  
  37  3:39  Orbital Command  
  37  3:41  SCV, Factory Tech Lab  
  40  3:52  Viking  
  40  3:54  Marine x2  
  41  3:58  SCV  
  41  4:06  SCV  
  41  4:08  Cyclone  
  44  4:10  SCV  
  44  4:12  Marine x2  
  47  4:18  SCV  
  47  4:22  SCV, Supply Depot  
  47  4:23  Starport Tech Lab  
  47  4:29  Barracks  
  47  4:30  SCV  
  48  4:33  Barracks  
  48  4:34  SCV, Marine x2  
  51  4:42  SCV  
  51  4:44  Siege Tank  
  55  4:46  SCV  
  55  4:50  Engineering Bay  
  56  4:53  Marine  
  56  4:54  Refinery, SCV  
  56  4:58  SCV  
  58  5:06  SCV  
  55  5:08  Marine  
  55  5:11  SCV, Marine  
  58  5:16  Bunker  
  58  5:18  SCV  
  59  5:23  SCV  
  59  5:25  Starport Reactor, Terran Infantry Weapons Level 1  
  59  5:26  Supply Depot  
  60  5:30  SCV, Marine  
  62  5:43  Stimpack  
  62  5:47  SCV x2, Marine  
  62  5:48  Marauder x2  
  69  5:51  Supply Depot  
  69  5:53  Factory Reactor, Marine  
  68  5:58  Combat Shield  
  68  6:02  Medivac  
  68  6:03  Supply Depot  
  70  6:12  Medivac, SCV, Marine  
  70  6:13  Marauder x2  
  78  6:18  SCV  
  78  6:20  Supply Depot  
  78  6:21  Marine  
  78  6:25  SCV  
  79  6:30  SCV, Marine  
  79  6:31  Refinery, Supply Depot  
  79  6:32  Medivac, Widow Mine  
  85  6:40  Marine  
  85  6:42  Medivac, Marauder x2, Widow Mine  
  85  6:43  Supply Depot  
  94  6:52  SCV x2, Marine  
  94  6:53  Supply Depot  
  94  6:54  Widow Mine  
  95  7:03  Marauder x2, Widow Mine  
  101  7:12  Supply Depot  

Tags
 
Add a new tag
Caveats
  • Supply blocks, unpowered buildings, or Contaminate may cause inaccurate times.
  • Supply counts are checked every 10 seconds.